 Dungeon Crawl Stone Soup version 0.17.0-24-gcfadda4 (webtiles) character file.

725 M4edhros the Sneak (level 7, -4/43 HPs)
             Began as an Octopode Artificer on Nov 17, 2015.
             Killed by nerve-wracking pain
             ... invoked by a shadow imp
              (8 damage)
             ... on level 5 of the Dungeon.
             The game lasted 00:05:13 (3325 turns).

M4edhros the Sneak (Octopode Artificer)             Turns: 3325, Time: 00:05:13

Health: -4/43      AC:  1    Str: 10    XL:     7   Next: 72%
Magic:  10/10      EV: 12    Int: 15    God:
Gold:   100        SH:  0    Dex: 12    Spells: 0 memorised, 6 levels left

rFire  . . .     SeeInvis .     o - +0 hunting sling
rCold  . . .     Clarity  .     (no shield)
rNeg   . . .     SustAt   .     (helmet restricted)
rPois  .         Gourm    .     (no amulet)
rElec  .         Spirit   .     (no ring)
rCorr  .         Warding  .     (no ring)
rMut   .         Stasis   .     (no ring)
MR     .....                    (no ring)
Stlth  +++++.....               (no ring)
                                (no ring)
                                (no ring)
                                (no ring)

@: very slightly contaminated, not resistant to hostile enchantments, quite
stealthy
A: almost no armour, amphibious, 8 rings, constrict 8, camouflage 1, clumsy 1,
low mp 1, spit poison 1, gelatinous body 1
a: Spit Poison


You were on level 5 of the Dungeon.
You were hungry.

You visited 1 branch of the dungeon, and saw 5 of its levels.

You collected 100 gold pieces.

Inventory:

Hand Weapons
 i - a +4 short sword
 n - a +4 short sword
 o - a +0 hunting sling (weapon)
Missiles
 f - 16 sling bullets (quivered)
 p - 50 stones
 q - 5 sling bullets of flame
Wands
 b - a wand of flame (9)
 c - a wand of enslavement (7)
 d - a wand of random effects (8)
 j - a wand of enslavement (6)
 u - a wand of confusion (15)
Scrolls
 m - a scroll of teleportation
 r - a scroll of blinking
 v - a scroll of remove curse
Potions
 h - a potion of flight
Comestibles
 a - a beef jerky
 e - 6 bread rations
 s - a slice of pizza


   Skills:
 - Level 1.0 Fighting
 - Level 1.0 Short Blades
 + Level 3.4 Slings
 - Level 2.0 Dodging
 + Level 7.6 Stealth
 + Level 6.5 Evocations


You had 6 spell levels left.
You didn't know any spells.

Dungeon Overview and Level Annotations

Branches:
Dungeon (5/15)
 Temple: D:4-7

Altars:
Makhleb
Nemelex Xobeh
Qazlal
Ru
Trog
Vehumet

Annotations:
D:3 Ijyb, Robin


Innate Abilities, Weirdness & Mutations

You cannot wear most types of armour.
You are amphibious.
You can wear up to eight rings at the same time.
You can use your tentacles to constrict eight enemies at once.
Your skin changes colour to match your surroundings (Stealth).
Your rubbery body absorbs attacks (AC +1).
You are clumsy. (Dex -2)
Your magical capacity is low (-10% MP).
You can spit weak poison.


Message History

Orders for allies: a - Attack new target. p - Attack previous target. r - Retreat! s - Stop attacking. w - Wait here. f - Follow me.
Anything else - Stay silent.
Gang up on whom?
Press: ? - help, Dir - move target cursor, f/p - hound skeleton
Aim: a hound skeleton Attack!
A shadow imp comes into view.
The shadow imp moves out of view.
The shadow imp spits at you.
Found a scroll of random uselessness.
Firing (i - inventory. (,) - cycle):
f - 17 sling bullets (quivered)
Press: ? - help, Shift-Dir - straight line, f - shadow imp
Aim: a shadow imp You shoot a sling bullet.
The sling bullet hits the shadow imp but does no damage.
The shadow imp gestures at you. Pain shoots through your body!
You die...

##############
#......@.....#
#........≈≈≈.#
#?....5.≈§≈§.#
#......≈§§§..#
#.....≈≈.....#
#.....§§.....#
#....§8..(_..#
#.....≈§.§...#
...§§§5....#


You could see a shadow imp.

Vanquished Creatures
  A yak (D:5)
  Duvessa (D:5)
  Dowan (D:5)
  A crimson imp (D:5)
  A giant frog zombie (D:5)
  2 iron imps (D:5)
  A gnoll shaman (D:5)
  An orc wizard (D:5)
  A giant frog skeleton (D:4)
  3 worker ants
  Terence (D:3)
  6 gnolls (D:5)
  An adder (D:3)
  A worm (D:3)
  4 orcs (D:5)
  5 giant cockroaches
  5 goblins (D:1)
  6 hobgoblins
  3 jackals (D:4)
  2 kobolds (D:2)
  2 quokkas
  A bat (D:1)
  4 giant geckos
  A giant newt (D:1)
  3 rats
58 creatures vanquished.

Vanquished Creatures (others)
  An adder (D:4)
1 creature vanquished.

Grand Total: 59 creatures vanquished

Notes
Turn   | Place    | Note
--------------------------------------------------------------
     0 | D:1      | M4edhros the Octopode Artificer began the quest for the Orb.
     0 | D:1      | Reached XP level 1. HP: 13/13 MP: 3/3
   256 | D:1      | Reached XP level 2. HP: 18/18 MP: 4/4
   885 | D:2      | Found a bloodstained altar of Trog.
   953 | D:2      | Found a sparkling altar of Nemelex Xobeh.
  1200 | D:3      | Reached XP level 3. HP: 23/23 MP: 5/5
  1214 | D:3      | Noticed Terence
  1236 | D:3      | Killed Terence
  1236 | D:3      | Reached skill level 4 in Evocations
  1241 | D:3      | Found a sacrificial altar of Ru.
  1294 | D:3      | Reached XP level 4. HP: 21/28 MP: 7/7
  1434 | D:4      | Reached XP level 5. HP: 8/33 MP: 8/8
  1792 | D:3      | Reached skill level 5 in Stealth
  1792 | D:3      | Reached skill level 5 in Evocations
  1866 | D:3      | Noticed Ijyb
  1866 | D:3      | Noticed Robin
  2009 | D:4      | Noticed an ogre
  2300 | D:4      | Found a stormy altar of Qazlal.
  2362 | D:5      | Entered Level 5 of the Dungeon
  2362 | D:5      | Noticed Duvessa
  2364 | D:5      | Noticed Dowan
  2371 | D:5      | Reached skill level 1 in Slings
  2377 | D:5      | Killed Duvessa
  2377 | D:5      | Reached XP level 6. HP: 19/38 MP: 8/10
  2379 | D:5      | Killed Dowan
  2379 | D:5      | Reached skill level 6 in Stealth
  2382 | D:5      | Gained mutation: You can spit weak poison. [potion of mutation]
  2382 | D:5      | Gained mutation: You are clumsy. (Dex -2) [potion of mutation]
  2382 | D:5      | Gained mutation: Your magical capacity is low (-10% MP). [potion of mutation]
  2400 | D:5      | Noticed a yak
  2402 | D:5      | Noticed a centaur
  2406 | D:5      | Killed a yak
  2406 | D:5      | Reached XP level 7. HP: 11/43 MP: 10/10
  2664 | D:5      | Reached skill level 7 in Stealth
  2979 | D:5      | Found a radiant altar of Vehumet.
  3292 | D:5      | Found a burning altar of Makhleb.
  3301 | D:5      | HP: 1/43 [iron imp (3)]
  3325 | D:5      | Killed from afar by a shadow imp

Action                   |  1- 3 |  4- 6 |  7- 9 || total
-------------------------+-------+-------+-------++-------
Melee: Short sword       |    42 |    34 |    46 ||   122
 Fire: Hunting sling     |       |    16 |     3 ||    19
Evoke: Wand              |       |    11 |    10 ||    21
  Use: Scroll            |     3 |       |     6 ||     9
       Potion            |       |     7 |     1 ||     8
 Stab: Sleeping          |     9 |     4 |     1 ||    14
  Eat: Chunk             |     1 |     1 |       ||     2
       Meat ration       |       |     1 |       ||     1
